 Dungeon Crawl Stone Soup version 0.31.0-32-g396128a36d (webtiles) character file.

Game seed: 17918379885507159862

1461 mparten the Covered (level 8, -12/70 HPs)
             Began as a Minotaur Fighter on Mar 31, 2024.
             Killed from afar by an acid dragon (15 damage)
             ... with a splash of acid
             ... on level 5 of the Dungeon.
             The game lasted 00:19:45 (3086 turns).

mparten the Covered (Minotaur Fighter)              Turns: 3086, Time: 00:19:45

Health: -12/70     AC: 15    Str: 24    XL:     8   Next: 48%
Magic:  7/7        EV: 10    Int:  5    God:
Gold:   182        SH:  5    Dex:  9    Spells: 7/7 levels left

rFire   + . .        l - +2 trident (protect)
rCold   . . .        c - +0 buckler
rNeg    . . .        b - +0 scale mail
rPois   .            i - +0 hat of the Stone Wall {+Inv rF+}
rElec   .            (no cloak)
rCorr   .            (no gloves)
SInv    .            (no boots)
Will    .....        (no amulet) Stlth
                     (no ring)
HPRegen 0.31/turn    (no ring)
MPRegen 0.10/turn

%: no passive effects
@: under a protective aura
A: horns 2, retaliatory headbutt
a: Evoke Invisibility


You were on level 5 of the Dungeon.
You visited 1 branch of the dungeon, and saw 5 of its levels.

You collected 182 gold pieces.

Inventory:

Hand Weapons
 a - a +1 whip of electrocution
 l - a +2 trident of protection (weapon)
 t - a +2 dagger of venom
Armour
 b - a +0 scale mail (worn)
 c - a +0 buckler (worn)
 i - the +0 hat of the Stone Wall (worn) {+Inv rF+}
   (You found it on level 4 of the Dungeon)

   rF+:       It protects you from fire.
   +Inv:      It lets you turn invisible.
Jewellery
 m - an amulet of faith
Scrolls
 f - 3 scrolls of teleportation
 j - a scroll of noise
 k - a scroll of identify {unknown}
 n - a scroll of amnesia {unknown}
 o - a scroll of revelation
 r - a scroll of fog {unknown}
 s - a scroll of blinking {unknown}
Potions
 d - a potion of might
 e - 4 potions of curing {unknown}
 g - a potion of invisibility {unknown}
 p - a potion of enlightenment {unknown}
 q - a potion of brilliance {unknown}


   Skills:
 * Level 6.0 Fighting
 - Level 6.4 Maces & Flails
 * Level 5.6 Polearms
 + Level 7.3 Armour
 - Level 2.2 Dodging
 + Level 5.4 Shields


You had 7 spell levels left.
You didn't know any spells.
Your spell library contained the following spells:

 Spells                   Type           Power      Damage    Failure   Level
 Lesser Beckoning         Tloc           0%         N/A       91%         2
 Gell's Gravitas          Tloc           0%         N/A       99%         3
 Teleport Other           Tloc           0%         N/A       99%         3


Dungeon Overview and Level Annotations

Branches:
Dungeon (5/15)             Temple (0/1) D:5

Altars:
Cheibriados
Kikubaaqudgha
Zin


Innate Abilities, Weirdness & Mutations

You have a pair of horns on your head.
You reflexively headbutt those who attack you in melee.


Message History

The troll claws you but does no damage.
You hit the troll.
The troll is severely wounded.
The troll bites you but does no damage. The troll claws you.
* * * LOW HITPOINT WARNING * * *
The troll claws you but does no damage.
You puncture the troll!
You kill the troll!
Your Fighting skill increases to level 6!
Your Polearms skill increases to level 5!
You puncture the acid dragon!
The acid dragon is heavily wounded.
The acid dragon bites you but does no damage.
You block the acid dragon's attack.
You barely miss the acid dragon.
The acid dragon is heavily wounded.
The acid dragon bites you but does no damage.
The acid dragon claws you but does no damage.
You barely miss the acid dragon.
The acid dragon is heavily wounded.
The acid dragon spits acid at you. The splash of acid misses you.
You barely miss the acid dragon. You headbutt the acid dragon.
The acid dragon is heavily wounded.
The acid dragon bites you but does no damage.
The acid dragon completely misses you.
You barely miss the acid dragon.
The acid dragon is heavily wounded.
The acid dragon barely misses you. The acid dragon claws you.
* * * LOW HITPOINT WARNING * * *
You puncture the acid dragon!
Your weapon exudes an aura of protection.
The acid dragon is severely wounded.
The acid dragon bites you but does no damage.
The acid dragon claws you but does no damage.
You barely miss the acid dragon.
The acid dragon is severely wounded.
The acid dragon spits acid at you. The splash of acid hits you!
You die...

#...<........
#.##.#.######
#.##.#.# #.#
#.##.#.## #.#
#.##.#..# #.#
#.##.##.## ##.##
#.##.....# #...#
#.#####..###...###
#.#####.@#.......##.#
#........D......?...#
###########......##.#
##...### #...# ##.##
#8# #>. #8..


You could see an acid dragon (catching breath).

Vanquished Creatures
  Pikel (D:3)
  A troll (D:5)
  Sigmund (D:4)
  Menkaure (D:4)
  2 ice beasts
  A hound (D:4)
  2 iguanas (D:4)
  2 orc wizards (D:4)
  4 gnolls
  10 adders
  3 dart slugs
  A ribbon worm (D:1)
  2 orcs (D:4)
  4 ball pythons
  5 bats
  6 endoplasms
  5 giant cockroaches
  8 goblins
  6 hobgoblins
  11 kobolds
  A quokka (D:1)
  3 frilled lizards
  6 rats
86 creatures vanquished.

Notes
Turn   | Place    | Note
-------+----------+-------------------------------------------
     0 | D:1      | mparten the Minotaur Fighter began the quest for the Orb.
     0 | D:1      | Reached XP level 1. HP: 19/19 MP: 0/0
    76 | D:1      | Reached XP level 2. HP: 27/27 MP: 1/1
   528 | D:1      | Reached skill level 4 in Armour
   626 | D:1      | Reached XP level 3. HP: 33/33 MP: 2/2
   666 | D:2      | Reached XP level 4. HP: 27/40 MP: 3/3
   938 | D:2      | Found a faded altar of an unknown god.
  1090 | D:2      | Reached skill level 1 in Dodging
  1551 | D:3      | Reached XP level 5. HP: 47/47 MP: 4/4
  1716 | D:3      | Noticed an ice beast
  1735 | D:3      | Killed an ice beast
  1736 | D:3      | Reached skill level 5 in Maces & Flails
  1736 | D:3      | Reached skill level 5 in Armour
  1736 | D:3      | Reached XP level 6. HP: 24/53 MP: 5/5
  2191 | D:3      | Found a snail-covered altar of Cheibriados.
  2303 | D:4      | Noticed Pikel
  2318 | D:3      | Killed Pikel
  2319 | D:3      | Reached skill level 1 in Polearms
  2319 | D:3      | Reached skill level 6 in Armour
  2319 | D:3      | Reached XP level 7. HP: 35/60 MP: 6/6
  2426 | D:4      | Found a glowing silver altar of Zin.
  2445 | D:4      | Reached skill level 5 in Fighting
  2484 | D:4      | Reached skill level 5 in Shields
  2543 | D:4      | Found an ancient bone altar of Kikubaaqudgha.
  2619 | D:4      | Noticed Menkaure
  2624 | D:4      | Killed Menkaure
  2626 | D:4      | Identified the +0 hat of the Stone Wall {+Inv rF+}
  2665 | D:4      | Reached XP level 8. HP: 69/69 MP: 7/7
  2679 | D:4      | Noticed Sigmund
  2687 | D:4      | Killed Sigmund
  2688 | D:4      | Reached skill level 7 in Armour
  3034 | D:5      | Entered Level 5 of the Dungeon
  3058 | D:5      | Found a staircase to the Ecumenical Temple.
  3060 | D:5      | Noticed a two-headed ogre
  3061 | D:5      | Noticed a troll
  3078 | D:5      | HP: 1/70 [troll (4)]
  3079 | D:5      | Killed a troll
  3080 | D:5      | Reached skill level 5 in Polearms
  3084 | D:5      | HP: 2/70 [acid dragon (1)]
  3086 | D:5      | Killed from afar by an acid dragon

Illustrated notes

Levels and vault maps discovered:
D:1:      scummos_arrival_forest, layout_basic, st_stairs_12
D:2:      layout_loops_ring, ebering_ecumenical_altar_sacrificial, serial_bayou,
          serial_bayou_lagoon_a, serial_bayou_pond_d, serial_bayou_pond_b,
          serial_bayou_pond_d
D:3:      layout_loops_cross, kennysheep_slug_shrine, nicolae_half_adder
D:4:      layout_cave_pools, mainiacjoe_overflow_tiny_flanked, zin_statuary,
          uniq_menkaure, uniq_sigmund, uniq_pikel
D:5:      layout_loops_ring, lemuel_crystal_altar, mainiacjoe_overflow_chevrons,
          temple_statues, gammafunk_ghost_smash, chequers_serial_rivers_micro_e,
          minmay_shop_damaged, columned_hall_lemuel, minmay_manual_monolith

Skill      XL: |  1  2  3  4  5  6  7  8 |
---------------+-------------------------+-----
Maces & Flails | 3 4 5 6 |  6.4
Fighting       | 4 5 6 |  6.0
Armour         | 4 5 6 7 |  7.3
Shields        | 4 5 |  5.4
Dodging        | 1 2 |  2.2
Polearms       | 1 3 5 |  5.6

Action                     |  1- 3 |  4- 6 |  7- 9 || total
---------------------------+-------+-------+-------++-------
  Melee: Flail             |    51 |    87 |       ||   138
         Headbutt          |     8 |    13 |    11 ||    32
         Trident           |       |    12 |    76 ||    88
    Use: Scroll            |       |     3 |     1 ||     4
         Potion            |       |       |     3 ||     3
 Armour: Scale mail        |    36 |    65 |    54 ||   155
  Dodge: Dodged            |    34 |    43 |    27 ||   104
  Block: Buckler           |    13 |    17 |    13 ||    43
